Map: Prion Terraces

Players

lesha - Winner!

  • Race: Terran Terran
  • League: Silver

StranaOz

  • Race: Zerg Zerg
  • League: Gold

VOD

Have the link to the VOD?

Description

Time

  • Played on: Dec. 25, 2015, 4:55 a.m.
  • Length: 10:31
Show
View Real Time Build Order
Export as new Build Order

lesha Terran - Winner!

Build Orders: Liberator Opening, Reaper Expand, MMM Bio 

Get SALT Encoding   

  12  0:02  SCV  
  13  0:14  SCV  
  13  0:18  Supply Depot  
  14  0:26  SCV  
  15  0:40  SCV  
  15  0:41  Barracks  
  16  0:47  Refinery  
  16  0:52  SCV  
  17  1:04  SCV  
  18  1:16  SCV  
  19  1:29  Reaper  
  19  1:32  Orbital Command  
  20  1:42  Command Center  
  20  1:51  Refinery  
  20  1:55  Supply Depot  
  20  2:00  SCV  
  21  2:10  Marine  
  21  2:15  Factory  
  22  2:19  SCV  
  23  2:28  Marine  
  24  2:31  SCV  
  25  2:43  SCV  
  26  2:55  SCV  
  27  3:05  Orbital Command  
  27  3:07  SCV  
  27  3:11  Factory Reactor  
  28  3:13  Barracks Tech Lab  
  28  3:14  Starport  
  28  3:19  SCV  
  29  3:29  Barracks x2  
  29  3:31  SCV  
  30  3:35  SCV  
  30  3:43  SCV, Stimpack  
  30  3:44  Marauder, Liberator  
  30  3:47  SCV  
  34  3:53  Hellion  
  34  3:55  SCV, Hellion  
  38  4:00  SCV  
  39  4:29  SCV x2  
  38  4:39  Marine x3  
  38  4:41  SCV x2  
  38  4:43  Hellion  
  45  4:50  Supply Depot  
  45  4:51  Starport Reactor  
  45  4:52  Supply Depot  
  45  4:53  SCV, Supply Depot  
  46  5:01  Barracks Reactor  
  46  5:03  Barracks Reactor  
  46  5:12  SCV x2, Hellion, Marine  
  51  5:22  Barracks  
  51  5:24  SCV x2, Barracks  
  53  5:34  Marine  
  54  5:35  Medivac  
  54  5:36  SCV x2, Medivac  
  54  5:38  Hellion  
  62  5:51  Marine  
  62  5:54  Marine x4  
  67  6:08  Combat Shields  
  67  6:09  Marine  
  68  6:12  SCV, Marine x4  
  68  6:13  SCV  
  68  6:18  Refinery  
  74  6:19  Refinery  
  74  6:25  Engineering Bay  
  74  6:28  Engineering Bay  
  74  6:51  Marine x5  
  70  7:25  Marine x2  
  70  7:26  Marine x3  
  70  7:28  Barracks Reactor  
  70  7:29  Barracks Reactor  
  75  7:31  Terran Infantry Weapons Level 1, Terran Infantry Armor Level 1  
  75  7:41  Medivac x2  
  75  7:43  Marine x4  
  83  7:50  Command Center x2, Marauder  
  85  7:58  Supply Depot x2  
  85  7:59  Supply Depot  
  85  8:05  Marine  
  85  8:06  Marine x7  
  85  8:10  Factory Tech Lab  
  85  8:12  Marauder  
  95  8:13  Medivac x2  
  96  8:23  Marine x2  
  96  8:24  Marine x6  
  104  8:33  Marauder  
  106  8:36  Siege Tank  
  109  8:41  Marine x3  
  109  8:42  Marine x5  
  109  8:43  Medivac  
  119  8:48  Medivac  
  119  8:53  SCV x2  
  119  8:54  Marine  
  124  8:59  Marine  
  125  9:05  SCV  
  125  9:06  SCV  
  125  9:08  Siege Tank  
  130  9:18  SCV  
  130  9:20  Marine x5  
  130  9:21  Marine x4  
  130  9:22  Medivac  
  142  9:32  SCV x4, Armory  
  142  9:38  Marine x3  
  148  9:43  Marine x4  
  148  9:44  SCV, Marine x2  
  156  9:55  Marine  
  156  9:56  Marine x2  
  158  10:12  Marine  
Show
View Real Time Build Order
Export as new Build Order

StranaOz Zerg 

Build Orders: Hatch First 

Get SALT Encoding   

  12  0:01  Drone  
  13  0:13  Overlord  
  13  0:21  Drone  
  14  0:45  Drone  
  14  0:46  Hatchery  
  14  0:50  Drone  
  14  0:54  Drone  
  16  1:00  Drone  
  17  1:15  Spawning Pool  
  16  1:18  Drone  
  16  1:22  Drone  
  18  1:27  Extractor  
  18  1:32  Drone  
  18  1:43  Drone  
  19  1:52  Drone  
  20  1:58  Drone  
  21  2:02  Queen  
  21  2:06  Zergling x2  
  21  2:08  Queen  
  26  2:21  Roach Warren  
  25  2:23  Drone, Zergling x2  
  25  2:24  Zergling x2  
  25  2:29  Overlord  
  28  2:54  Drone x2  
  28  2:55  Drone x3  
  33  3:03  Lair  
  33  3:14  Queen  
  35  3:21  Drone  
  36  3:28  Overlord  
  36  3:29  Overlord x2  
  36  3:50  Drone x4  
  36  3:51  Drone x3  
  43  4:01  Drone x2  
  45  4:06  Drone  
  45  4:07  Drone x3  
  48  4:18  Zergling x4  
  49  4:26  Roach x2  
  49  4:27  Roach x2  
  49  4:29  Glial Reconstitution  
  56  4:39  Evolution Chamber  
  56  4:42  Extractor  
  56  4:43  Extractor  
  53  4:47  Drone x4  
  53  4:48  Extractor  
  56  5:05  Zerg Ground Armor Level 1  
  56  5:08  Roach x2  
  56  5:09  Overlord x2  
  60  5:21  Overlord  
  60  5:22  Overlord x2  
  52  6:13  Spore Crawler  
  52  6:15  Roach x3  
  52  6:16  Roach x6  
  52  6:17  Roach x3  
  75  6:35  Drone  
  76  6:44  Spore Crawler  
  72  7:03  Roach x6  
  72  7:04  Roach x2  
  81  7:20  Drone  
  81  7:21  Drone  
  78  7:23  Drone  
  78  7:25  Drone  
  80  7:32  Queen  
  80  7:36  Roach x2  
  86  7:46  Zergling x2  
  86  7:47  Spire  
  86  8:01  Hatchery  
  86  8:04  Zerg Ground Armor Level 2  
  85  8:09  Drone x5  
  85  8:10  Drone x3  
  93  8:45  Drone x5  
  93  8:46  Drone x2  
  100  8:50  Overlord x2  
  100  9:12  Zergling x8  
  104  9:17  Hatchery  
  103  9:30  Mutalisk x5  
  103  9:31  Mutalisk  
Tags
 
Add a new tag
Caveats
  • Supply blocks, unpowered buildings, or Contaminate may cause inaccurate times.
  • Supply counts are checked every 10 seconds.